 Dungeon Crawl Stone Soup version 0.29.1-15-g9cfb28693d (webtiles) character file.

Game seed: 5459219963950202549

41 M4edhros the Trooper (level 3, -2/27 HPs)
             Began as an Octopode Chaos Knight on Mar 4, 2023.
             Was a Plaything of Xom.
             Slain by a goblin
             ... wielding a +0 club
              (3 damage)
             ... on level 2 of the Dungeon.
             The game lasted 00:02:25 (5185 turns).

M4edhros the Trooper (Octopode Chaos Knight)        Turns: 5185, Time: 00:02:26

Health: -2/27      AC:  1    Str:  9    XL:     3   Next: 52%
Magic:  0/0        EV: 14    Int: 16    God:    Xom [..*...]
Gold:   177        SH:  0    Dex: 13    Spells: 2/2 levels left

rFire   + . .      SeeInvis .   a - +0 mace (chaos)
rCold   x . .      Faith    .   (no shield)
rNeg    . . .      Spirit   .   (helmet restricted)
rPois   .          Reflect  .   (no amulet)
rElec   +          Harm     .   h - ring "Kasuo" {Fire rElec MP-9 Int+2}
rCorr   .          Rampage  .   (no ring)
Will    .....      Clarity  +   (no ring)
Stlth   ++........              (no ring)
HPRegen 0.09/turn               (no ring)
MPRegen 0.07/turn               (no ring)
                                (no ring)
                                (no ring)

@: no status effects
A: almost no armour, amphibious, 8 rings, camouflage 1, gelatinous body 1,
(nimble swimmer 1), tentacles, clarity, weak 1, MP-powered wands
a: Renounce Religion


You were on level 2 of the Dungeon.
You worshipped Xom.
You were a toy of Xom.
You visited 1 branch of the dungeon, and saw 2 of its levels.

You collected 177 gold pieces.

Inventory:

Hand Weapons
 a - a +0 mace of chaos (weapon)
 g - a +0 battleaxe
Jewellery
 h - the ring "Kasuo" (left tentacle) {Fire rElec MP-9 Int+2}
   (You found it on level 2 of the Dungeon)

   [ring of fire]

   It enhances your fire magic.
   Int:       It affects your intelligence (+2).
   rF:        It protects you from fire.
   rC:        It makes you vulnerable to cold.
   rElec:     It insulates you from electricity.
   MP:        It affects your magic capacity (-9).
Scrolls
 c - a scroll of butterflies {unknown}
 e - a scroll of fear {unknown}
 f - a scroll of enchant weapon {unknown}
 i - a scroll of identify {unknown}
 j - a scroll of enchant armour {unknown}
Potions
 d - a potion of might {unknown}
 k - a potion of curing {unknown}
Miscellaneous
 b - a piece from Xom's chessboard (15/15) (quivered)


   Skills:
 + Level 3.8 Fighting
 - Level 3.0 Maces & Flails
 + Level 3.3 Dodging


You had 2 spell levels left.
You didn't know any spells.
Your spell library was empty.

Dungeon Overview and Level Annotations

Branches:
Dungeon (2/15)

Altars:


Innate Abilities, Weirdness & Mutations

You cannot wear most types of armour.
You are amphibious.
You can wear up to eight rings at the same time.
Your skin changes colour to match your surroundings (Stealth+).
Your rubbery body absorbs attacks. (AC +1, EV +1)
((You are camouflaged when in or above water. (Stealth+)))
You have tentacles for arms and can constrict up to eight enemies at once.
You possess an exceptional clarity of mind.
You are weak. (Str -2)
You expend magic power (3 MP) to strengthen your wands.


Message History

The adder is heavily wounded.
The adder bites you. The ball python bites you.
The ball python closely misses you. The goblin hits you but does no damage.
The goblin completely misses you. The adder closely misses you.
The goblin misses you. The goblin attacks as you move away!
The goblin barely misses you.
The goblin unwields a +0 club.
The goblin wields a +0 sling.
The goblin shoots a sling bullet.
The sling bullet hits you. The adder attacks as you move away!
The adder barely misses you.
The goblin shoots a sling bullet.
The sling bullet hits you.
You hit the adder. Your grab misses the adder. Your squeeze misses the adder.
The adder is almost dead.
The adder barely misses you.
You closely miss the adder. You grab the adder.
The adder is almost dead.
You constrict the adder.
You kill the adder!
The ball python misses you. The ball python grabs you.
The ball python constricts you.
You hit the ball python.
The ball python seems to speed up.
Your grab misses the ball python.
The ball python is severely wounded.
The ball python closely misses you. The ball python constricts you.
The ball python barely misses you. The ball python constricts you.
You hit the ball python. You burn the ball python.
You kill the ball python!
The goblin shoots a sling bullet.
The sling bullet hits you. The goblin closely misses you.
You barely miss the goblin. You grab the goblin. You constrict the goblin.
The goblin shoots a sling bullet.
The sling bullet barely misses you. The goblin barely misses you.
You hit the goblin. You squeeze the goblin.
You kill the goblin!
The goblin shoots a sling bullet.
The sling bullet hits you.
* * * LOW HITPOINT WARNING * * *
The goblin shoots a sling bullet.
The sling bullet hits you.
* * * LOW HITPOINT WARNING * * *
The goblin unwields a +0 sling.
The goblin wields a +0 club.
The goblin hits you with a +0 club.
You die...

#.. ..... #..# #######
.>... #... #....[# $.....
#...###.....#
......##.#...#[....##
....$.#.. #........######
........# #.....##.......
........####.###..########
........g@................
.........#).#####.########
....##..........#.# # ###
#.....####.#.. #....##...#
#.. ...######........ #.
.#.# ###..l# #. #. #.. #.
# .....


You could see a goblin.

Vanquished Creatures
  An adder (D:2)
  6 ball pythons
  3 endoplasms
  6 hobgoblins
  A kobold (D:1)
  A quokka (D:1)
  7 bats
  A frilled lizard (D:1)
  3 goblins
  A rat (D:1)
30 creatures vanquished.

Notes
Turn   | Place    | Note
-------+----------+-------------------------------------------
     0 | D:1      | M4edhros the Octopode Chaos Knight began the quest for the
                  | Orb.
     0 | D:1      | Reached XP level 1. HP: 16/16 MP: 1/1
   211 | D:1      | Reached XP level 2. HP: 20/21 MP: 2/2
   400 | D:1      | XOM: divination: magic mapping
   529 | D:1      | XOM: silly message
   632 | D:1      | Found a faded altar of an unknown god.
   640 | D:1      | XOM: silly message
   779 | D:1      | XOM: silly message
  1020 | D:1      | Reached XP level 3. HP: 24/26 MP: 3/3
  1983 | D:1      | XOM: god gift: 40 gold pieces
  2968 | D:1      | XOM: god gift: battleaxe {god gift}
  3105 | D:1      | XOM: god gift: 21 gold pieces
  3111 | D:1      | XOM is BORED!
  3725 | D:1      | XOM: give mutations
  3725 | D:1      | Gained mutation: You are weak. (Str -2) [Xom's mischief]
  3725 | D:1      | Gained mutation: You possess an exceptional clarity of
                  | mind. [Xom's mischief]
  3725 | D:1      | Gained mutation: You have hidden genetic potential. [Xom's
                  | mischief]
  3875 | D:1      | XOM: cloud trail
  4235 | D:1      | XOM: give mutations
  4235 | D:1      | Gained mutation: You expend magic power (3 MP) to
                  | strengthen your wands. [Xom's mischief]
  4235 | D:1      | Lost mutation: You have hidden genetic potential. [Xom's
                  | mischief]
  4989 | D:1      | Glimpsed the power of Zot.
  5030 | D:2      | Identified the ring "Kasuo" {Fire rElec MP-9 Int+2}
  5113 | D:2      | XOM: 4-stop teleportation journey
  5131 | D:2      | XOM: 10-stop teleportation journey
  5184 | D:2      | HP: 1/27 [goblin/sling bullet (6)]
  5185 | D:2      | Slain by a goblin

Illustrated notes

Levels and vault maps discovered:
D:1:      roderic_crop_circles_arrival_small, layout_basic,
          ebering_ecumenical_altar_rust, minmay_indecisive_spiral
D:2:      layout_rooms

Skill      XL: |  1  2 |
---------------+-------+-----
Dodging        | 3 |  3.3
Fighting       | |  3.8
Maces & Flails | |  3.0

Action                   || total
-------------------------++-------
Melee: Mace              ||    55
       Constrict         ||    12
       Tentacles         ||     7
 Stab: Sleeping          ||     3
Armor: Skin              ||     5
Dodge: Dodged            ||    60
